 Dungeon Crawl Stone Soup version 0.30-a0-1123-gabc949cf19 (webtiles) character file.

Game seed: 11417561348917395249

182 voltaire321 the Insei (level 5, 0/35 HPs)
             Began as an Octopode Transmuter on Apr 23, 2023.
             Succumbed to a scorpion's poison
             ... on level 4 of the Dungeon.
             The game lasted 00:06:27 (2052 turns).

voltaire321 the Insei (Octopode Transmuter)         Turns: 2052, Time: 00:06:28

Health: 0/35       AC:  1    Str:  8 (9)  XL:     5   Next: 61%
Magic:  8/9        EV: 15    Int: 13 (15) God:
Gold:   219        SH:  0    Dex: 22 (25) Spells: 3/9 levels left

rFire   . . .        n - +7 mace "Zeafes" {heavy, rC+ rN+ Dex+4}
rCold   + + .        (no shield)
rNeg    + . .        (helmet currently unavailable)
rPois   +            (no amulet)
rElec   .            e - +6 ring of dexterity
rCorr   .            l - ring of willpower
SInv    .            r - ring of wizardry
Will    +....        (no ring)
Stlth   +++          (no ring)
HPRegen 0.25/turn    (no ring)
MPRegen 0.11/turn    (no ring)
                     (no ring)

%: wizardry (x1)
@: lethally poisoned (0 -> -2), appendages (expiring), attractive, flying,
hasted, very quick
A: tentacle spike 3, almost no armour, amphibious, 8 rings, camouflage 1,
gelatinous body 1, (nimble swimmer 1), tentacles, cold resistance 1, poison
resistance, evolution 1
a: End Transformation


You were on level 4 of the Dungeon.
One of your tentacles had grown a beastly spike.
You visited 1 branch of the dungeon, and saw 4 of its levels.

You collected 219 gold pieces.

Inventory:

Hand Weapons
 n - the +7 mace "Zeafes" (weapon) {heavy, rC+ rN+ Dex+4}
   (You found it on level 2 of the Dungeon)

   Dex:       It affects your dexterity (+4).
   rC:        It protects you from cold.
   rN:        It protects you from negative energy.
Missiles
 b - 9 poisoned darts
Jewellery
 e - a +6 ring of dexterity (left tentacle)
 l - a ring of willpower (right tentacle)
 r - a ring of wizardry (on tentacle)
Scrolls
 c - 8 scrolls of identify {unknown}
 f - 2 scrolls of torment {unknown}
 g - 4 scrolls of teleportation {unknown}
 h - a scroll of blinking {unknown}
 j - a scroll of fog {unknown}
 o - a scroll of noise {unknown}
 p - a scroll of poison {unknown}
 q - a scroll of vulnerability {unknown}
 t - a scroll of enchant armour {unknown}
 w - a scroll of immolation {unknown}
 x - a scroll of magic mapping {unknown}
 y - a scroll of silence {unknown}
Potions
 a - a potion of lignification
 d - a potion of flight
 i - 3 potions of attraction
 k - a potion of mutation
 s - a potion of haste
 u - a potion of ambrosia {unknown}
 v - a potion of brilliance {unknown}
 z - a potion of curing {unknown}


   Skills:
 + Level 2.3 Fighting
 + Level 3.0 Dodging
 + Level 3.7 Unarmed Combat
 + Level 2.8 Spellcasting
 + Level 2.9 Transmutations
 + Level 1.5 Poison Magic


You had 3 spell levels left.
You knew the following spells:

 Your Spells              Type           Power      Damage    Failure   Level
a - Beastly Appendage     Tmut           18%        N/A       2%          1
b - Wereblood             Tmut           9%         N/A       4%          2
c - Spider Form           Tmut/Pois      7%         N/A       12%         3

Your spell library contained the following spells:

 Spells                   Type           Power      Damage    Failure   Level
 Scorch                   Fire           2%         2d5       14%         2
 Ice Form                 Ice/Tmut       5%         N/A       45%         4
 Flame Wave               Conj/Fire      1%         2d4       65%         4
 Conjure Ball Lightning   Conj/Air       0%         3x3d6     100%        6
 Summon Cactus Giant      Summ           0%         N/A       100%        6
 Discord                  Hex            0%         N/A       100%        8
 Disjunction              Tloc           0%         N/A       100%        8


Dungeon Overview and Level Annotations

Branches:
Dungeon (4/15)
 Temple: D:4-7

Altars:
Qazlal
Trog

Shops:
D:1 =


Innate Abilities, Weirdness & Mutations

One of your tentacles has grown a beastly spike.
You cannot wear most types of armour.
You are amphibious.
You can wear up to eight rings at the same time.
Your skin changes colour to match your surroundings (Stealth+).
Your rubbery body absorbs attacks. (AC +1, EV +1)
((You are camouflaged when in or above water. (Stealth+)))
You have tentacles for arms and can constrict up to eight enemies at once.
Your flesh is cold resistant. (rC+)
Your system is resistant to poisons. (rPois)
You have hidden genetic potential.


Message History

You feel very sick. The scorpion stings you.
You are lethally poisoned!
The scorpion poisons you! The scorpion closely misses you.
The scorpion misses you.
You thump the scorpion!
You squeeze the scorpion, but do no damage.
The scorpion is almost dead.
You constrict the scorpion, but do no damage.
* * * LOW HITPOINT WARNING * * *
You feel extremely sick. The scorpion misses you.
The scorpion stings you but does no damage.
You completely miss the scorpion. You tentacle-slap the scorpion.
The scorpion is almost dead.
You constrict the scorpion.
You kill the scorpion!
* * * LOW HITPOINT WARNING * * *
You feel very sick.
Your Dodging skill increases to level 3!
It was a potion of attraction.
You feel attractive to monsters.
* * * LOW HITPOINT WARNING * * *
You feel sick.
It was a potion of haste.
You feel yourself speed up.
* * * LOW HITPOINT WARNING * * *
You feel sick.
It was a potion of mutation.
You feel extremely strange.
You feel a hidden potential growing inside you.
You feel resistant to poisons.
You feel resistant to cold.
It was a potion of flight.
You feel very buoyant.
You fly up into the air.
* * * LOW HITPOINT WARNING * * *
You feel sick.
It was a potion of degeneration.
There was something very wrong with that liquid.
You feel weakened.
You feel dopey.
You feel clumsy.
Your transformation is almost over.
You die...

####### ### #######
#.....# #.. .....
##....># #.# #†.#
.......# #.#####@##
.......###.##....?#
≈≈≈............#.##
..≈...†.......##.#
#.≈..#.###.......#
..≈........#######
#.≈.....##.#
#.≈........#
#...#.#.#..#


There were no monsters in sight!

Vanquished Creatures
  A scorpion (D:4)
  An orc priest (D:3)
  2 adders
  5 worms
  3 dart slugs
  2 orcs (D:3)
  5 ball pythons
  7 endoplasms
  2 giant cockroaches
  4 hobgoblins
  A quokka (D:1)
  3 bats
  4 frilled lizards
  7 goblins
  5 kobolds
  3 rats
55 creatures vanquished.

Notes
Turn   | Place    | Note
-------+----------+-------------------------------------------
     0 | D:1      | voltaire321 the Octopode Transmuter began the quest for the
                  | Orb.
     0 | D:1      | Reached XP level 1. HP: 13/13 MP: 3/3
   196 | D:1      | Reached XP level 2. HP: 14/18 MP: 3/5
   295 | D:1      | Learned a level 2 spell: Wereblood
   547 | D:1      | Found Duec Todag's One-of-a-Kind Rings.
   813 | D:2      | Reached XP level 3. HP: 23/23 MP: 4/6
   856 | D:2      | Identified the +7 mace "Zeafes" {heavy, rC+ rN+ Dex+4}
  1053 | D:2      | Learned a level 3 spell: Spider Form
  1382 | D:3      | Found a bloodstained altar of Trog.
  1512 | D:3      | Reached XP level 4. HP: 29/29 MP: 5/7
  1826 | D:3      | Reached skill level 1 in Poison Magic
  2001 | D:4      | Found a stormy altar of Qazlal.
  2025 | D:4      | Reached XP level 5. HP: 34/34 MP: 6/8
  2050 | D:4      | Gained mutation: You have hidden genetic potential. [potion
                  | of mutation]
  2050 | D:4      | Gained mutation: Your system is resistant to poisons.
                  | (rPois) [potion of mutation]
  2050 | D:4      | Gained mutation: Your flesh is cold resistant. (rC+)
                  | [potion of mutation]
  2051 | D:4      | HP: 1/35 [poisoned by a scorpion]
  2052 | D:4      | Succumbed to a scorpion's poison

Illustrated notes

Levels and vault maps discovered:
D:1:      spicycebolla_green_bress_n_ham_2, layout_basic, serial_forest,
          infiniplex_forest_end_double, infiniplex_forest_lined_corner,
          infiniplex_forest_lined_room_2, infiniplex_forest_end_1,
          infiniplex_forest_straight_2, infiniplex_forest_lined_3_way,
          nicolae_shop_unique_rings, minmay_split_cup_small
D:2:      layout_rooms
D:3:      layout_rooms, mainiacjoe_overflow_boulevard, minmay_distorted
D:4:      layout_loops_ring, mainiacjoe_overflow_alcove_1,
          mainiacjoe_overflow_cross_hatched, grunt_gozag_breadcrumbs,
          amcnicky_altar_gilded, mainiacjoe_overflow_brackets, corexii_shack

Skill      XL: |  1  2  3  4  5 |
---------------+----------------+-----
Fighting       | 2 |  2.3
Poison Magic   | 1 |  1.5
Dodging        | 3 |  3.0
Unarmed Combat | |  3.7
Spellcasting   | |  2.8
Transmutations | |  2.9

Action                     |  1- 3 |  4- 6 || total
---------------------------+-------+-------++-------
  Melee: Unarmed           |    33 |       ||    33
         Kick              |    15 |     4 ||    19
         Constrict         |    18 |     6 ||    24
         Tentacles         |    11 |     5 ||    16
         Punch             |     2 |     1 ||     3
         Mace              |    28 |    27 ||    55
   Cast: Beastly Appendage |    20 |     6 ||    26
    Use: Potion            |       |     5 ||     5
   Stab: Sleeping          |     4 |     2 ||     6
 Armour: Skin              |     5 |     3 ||     8
  Dodge: Dodged            |    45 |    18 ||    63

Table legend: (Time is in decaauts)
 A = Elapsed time spent in this place.
 B = Non-inter-level travel time spent in this place.
 C = Inter-level travel time spent in this place.
 D = Time resting spent in this place.
 E = Time spent auto-exploring this place.
 F = Levels seen in this place.
 G = Mean time per level.
                   A        B        C        D        E       F      G
               +--------+--------+--------+--------+--------+-----+--------+
         Total |   2107 |   2023 |     84 |    314 |   1101 |   4 |  526.8 |
       Dungeon |   2107 |   2023 |     84 |    314 |   1101 |   4 |  526.8 |
               +--------+--------+--------+--------+--------+-----+--------+

Top non-repeatable levels by time:
     D:1: 777 daAuts
     D:3: 662 daAuts
     D:2: 592 daAuts
     D:4: 75 daAuts
